Match 45341297
Unlisted

Match 45341297
End
Vickers Machine Gun Team
Construct Section Command Post
Infantry Section
Infantry Section
Grenade Package
Construct Platoon Command Post
6-pounder Anti-tank Gun Team
Selects Air and Sea Battlegroup
Selects Commando Section Paradrop
Selects M1 Pack Howitzer Paradrop
M1 Pack Howitzer Paradrop
Commando Section Paradrop
CMP 15cwt Truck
Forward Retreat Point
Construct Company Command Post
Selects Incendiary Bombing Run
Selects Anti-tank Rocket Loiter
Anti-tank Rocket Loiter
GruZ
KyrSor
Na_Orbite
Zerg6412
FLOKL
FoxOnTheFront
0
0

Comments sign in to comment!

No comments posted yet!